AoeStats
← rikbandy

Black Forest

509779555Analyzed
4v4 RM · 6d ago on Sep 28, 2026· 34m 16s· 8 players
Game mode
Random Map
Map size
Large (8 player)
Population
200
Speed
Normal
Resources
Standard
Victory
Conquest
Starting age
Dark Age
Ending age
Imperial Age
RankedLock teamsTeams togetherTeam positionsShared explorationLock speedFull tech treeHidden civsTurbo modeCheats
Victory
Defeat
🇮🇳 Turks · India
969
+12
🇨🇳 Tatars · China
969
+12
🇨🇴 Hindustanis · Colombia
769
+20
🇺🇸 Varangians · United States
763
+19
🇲🇽 Persians · Mexico
896
-17
🇦🇷 Mongols · Argentina
864
-16
🇲🇽 Romans · Mexico
845
-15
🇨🇱 Vikings · Chile
842
-15
Nidd
5:41 Loom
12:40 Feudal Age
16:27 Double-Bit Axe
21:25 Castle Age
26:14 Horse Collar
26:47 Bow Saw
27:24 Heavy Plow
Rompe--Anos
0:28 Loom
13:03 Feudal Age
17:03 Castle Age
16:30 Double-Bit Axe
16:28 Horse Collar
j.quintero_1988
1:02 Loom
19:48 Feudal Age
Leoking
0:44 Loom
12:21 Feudal Age
13:11 Double-Bit Axe
15:17 Fishing Lines
20:49 Castle Age
19:08 Horse Collar
20:59 Scale Mail Armor
21:12 Forging
24:41 Gillnets
24:48 Stone Mining
24:52 Gold Mining
26:04 Squires
25:50 Arson
25:26 Man-at-Arms
26:25 Chain Mail Armor
26:46 Iron Casting
28:03 Gold Shaft Mining
27:38 Heavy Plow
27:33 Long Swordsman
29:43 Bow Saw
31:31 Chieftains
rikbandy
6:47 Loom
11:25 Feudal Age
12:42 Feudal Age
13:15 Feudal Age
13:53 Feudal Age
18:11 Castle Age
16:16 Double-Bit Axe
16:36 Horse Collar
18:57 Gold Mining
19:33 Bow Saw
22:23 Imperial Age
20:43 Padded Archer Armor
20:59 Heavy Plow
21:37 Gold Shaft Mining
25:04 Leather Archer Armor
30:23 Wheelbarrow
29:34 Town Watch
32:05 Hand Cart
33:03 Stone Mining
JERIAS0945
4:24 Loom
16:26 Feudal Age
29:50 Castle Age
29:12 Double-Bit Axe
31:37 Stone Mining
31:39 Gold Mining
31:32 Horse Collar
33:17 Light Cavalry
Hydarnis
0:31 Loom
13:37 Feudal Age
16:24 Bloodlines
18:53 Double-Bit Axe
25:29 Castle Age
25:14 Forging
26:19 Husbandry
29:30 Scale Barding Armor
30:01 Iron Casting
bethanybeauty15060
3:02 Loom
11:39 Feudal Age
12:07 Double-Bit Axe
17:46 Castle Age
16:25 Horse Collar
17:58 Scale Barding Armor
18:05 Forging
18:28 Heavy Plow
19:08 Bow Saw
19:30 Bloodlines
25:27 Fletching
27:46 Wheelbarrow
27:32 Gold Mining
29:02 Hand Cart
31:16 Bodkin Arrow
31:25 Padded Archer Armor
35:03 Imperial Age
32:34 Stone Mining
33:20 Gold Shaft Mining
33:28 Gold Shaft Mining
33:16 Leather Archer Armor
Connection lost

Rejoining the realm…

Still unreachable

The connection could not be restored.

Session expired

The server has moved on; the page needs a fresh start.